 Dungeon Crawl Stone Soup version 0.31-a0-848-gaac375c287 (webtiles) character file.

Game seed: 17050320783173562515

1024 Psyclone the Mimic (level 8, 0/72 HPs)
             Began as an Octopode Shapeshifter on Oct 5, 2023.
             Succumbed to an orc wizard's poison
             ... on level 5 of the Dungeon.
             The game lasted 00:11:17 (6287 turns).

Psyclone the Mimic (Octopode Shapeshifter)          Turns: 6287, Time: 00:11:17

Health: 0/72       AC: 24    Str: 13    XL:     8   Next: 22%
Magic:  8/8        EV:  2    Int: 14    God:
Gold:   223        SH:  0    Dex: 12    Spells: 4/7 levels left

rFire   . . .        i - +0 dagger
rCold   . . .        (no shield)
rNeg    . . .        (helmet currently unavailable)
rPois   +            (no amulet)
rElec   .            n - ring of willpower
rCorr   .            (no ring)
SInv    .            (no ring)
Will    +....        (no ring)
Stlth   +            (no ring)
HPRegen 0.32/turn    (no ring)
MPRegen 0.11/turn    (no ring)
                     (no ring)

%: no passive effects
@: lethally poisoned (0 -> -13), tree-form, studying Earth Magic
A: stationary, stasis, torment immunity, boosted hp, almost no armour,
(amphibious), 8 rings, (camouflage 1), (gelatinous body 1), (nimble swimmer 1),
(tentacles)
a: no special abilities


You were on level 5 of the Dungeon.
You were a tree.
You visited 2 branches of the dungeon, and saw 7 of its levels.

You collected 223 gold pieces.

Inventory:

Hand Weapons
 i - a +0 dagger (weapon)
Jewellery
 n - a ring of willpower (left branch)
Talismans
 b - a beast talisman
 c - a flux talisman
Scrolls
 d - a scroll of poison
 e - 5 scrolls of identify {@r1}
 g - a scroll of noise
 h - 2 scrolls of revelation
 j - a scroll of enchant weapon {unknown}
 l - 2 scrolls of immolation {unknown}
 m - a scroll of butterflies {unknown}
 o - 2 scrolls of vulnerability {unknown}
 q - a scroll of teleportation {unknown}
Potions
 a - 4 potions of lignification
 f - a potion of enlightenment
 k - a potion of might {unknown}
 p - a potion of attraction {unknown}


   Skills:
 - Level 1.0 Fighting
 - Level 2.0 Dodging
 - Level 3.0 Unarmed Combat
 + Level 9.1 Shapeshifting


You had 4 spell levels left.
You knew the following spells:

 Your Spells              Type           Power      Damage    Failure   Level
r - Swiftness             Air            0%         N/A       65%         3

Your spell library contained the following spells:

 Spells                   Type           Power      Damage    Failure   Level
 Shock                    Conj/Air       0%         1d3       28%         1
 Airstrike                Air            0%         2d(0-16)  96%         4


Dungeon Overview and Level Annotations

Branches:
Dungeon (6/15) Zot: 26983  Temple (1/1) D:5 Zot: 5998

Altars:
Ashenzari
Dithmenos
Fedhas
Hepliaklqana
Kikubaaqudgha
Ru
Uskayaw
Vehumet
Xom
Yredelemnul
The Shining One

Annotations:
D:5 1 runed translucent door, Demosthentine's ghost, novice DsGl


Innate Abilities, Weirdness & Mutations

You are a tree.
Your roots penetrate the ground, keeping you stationary.
You cannot be teleported.
You are immune to unholy pain and torment.
Your maximum health is greatly increased.
You cannot wear most types of armour.
((You are amphibious.))
You can wear up to eight rings at the same time.
((Your skin changes colour to match your surroundings (Stealth+).))
((Your rubbery body absorbs attacks. (AC +1, EV +1)))
((You are camouflaged when in or above water. (Stealth+)))
((You have tentacles for arms and can constrict up to eight enemies at once.))


Message History

The orc wizard hits you with a +0 dagger.
The orc barely misses you.
The orc wizard hits you with a +2 dagger of venom.
You are more poisoned.
Your transformation has ended.
You turn into something dangerously unstable.
Your +0 dagger melds into your body.
You feel very sick. The orc wizard barely misses you.
The orc hits you with a +0 whip.
The orc wizard gestures at you while chanting.
The magic dart hits you.
You take 20 damage, and have 28/48 hp.
MASSIVE DAMAGE!!
You feel sick.
The orc wizard hits you with a +0 dagger.
The orc hits you with a +0 whip. The orc wizard closely misses you.
You climb upwards.
Level annotation: 1 runed translucent door, Demosthentine's ghost, novice DsGl You feel sick.
There is a stone staircase leading down here.
You take 12 damage, and have 16/48 hp.
MASSIVE DAMAGE!!
You tentacle-slap the orc but do no damage.
The orc begins to glow.
You grab the orc.
You constrict the orc, but do no damage.
You feel sick. The orc misses you. The orc wizard casts a spell at you.
The magic dart hits you.
* * * LOW HITPOINT WARNING * * *
You take 6 damage, and have 10/48 hp.
You tentacle-slap the orc.
The orc glows dangerously bright.
The orc is lightly wounded.
You constrict the orc.
You feel sick. The orc hits you with a +0 whip.
* * * LOW HITPOINT WARNING * * *
The orc wizard hits you with a +2 dagger of venom.
* * * LOW HITPOINT WARNING * * *
You are more poisoned.
You take 8 damage, and have 2/48 hp.
Your transformation has ended.
Your +0 dagger unmelds from your body.
You turn into a tree.
Your roots penetrate the ground.
You lose your grip on the orc.
You die...

#.# #. #<# #. #.#
##. #.# #..
#########.########
#...[[....#..#..#.
#o#.#####)...+!8##
#o#.#####.#..#..#
#♣#.##.......#####
#o#.##.#####.#....
#.#.##.# #.#.###
#.#....# #[#.#
#.####.# #.#.###
#.# #.#####.#.##.
#.# #.......#.#..
#.# ####.####.#.#
#.#######........#


You could see 2 orc wizards and an orc (heavy contam).

Vanquished Creatures
  A water moccasin (D:4)
  2 centaurs (D:5)
  3 phantoms
  A scorpion (D:5)
  A howler monkey (D:5)
  2 hounds (D:5)
  Crazy Yiuf (D:2)
  2 iguanas
  3 orc wizards
  4 gnolls (D:4)
  9 adders
  2 worms
  2 dart slugs
  25 orcs
  5 endoplasms
  4 giant cockroaches
  8 goblins
  5 hobgoblins
  4 jackals (D:1)
  3 quokkas
  A ball python (D:3)
  4 bats
  A frilled lizard (D:3)
  8 kobolds
  4 rats
105 creatures vanquished.

Notes
Turn   | Place    | Note
-------+----------+-------------------------------------------
     0 | D:1      | Psyclone the Octopode Shapeshifter began the quest for the
                  | Orb.
     0 | D:1      | Reached XP level 1. HP: 13/13 MP: 1/1
   285 | D:1      | Reached XP level 2. HP: 15/18 MP: 2/2
   476 | D:1      | Reached XP level 3. HP: 23/23 MP: 3/3
   664 | D:1      | Reached skill level 4 in Shapeshifting
   703 | D:1      | Gained mutation: You have a beak for a mouth. [potion of
                  | mutation]
   703 | D:1      | Gained mutation: You have an increased reservoir of magic.
                  | (+10% MP) [potion of mutation]
   883 | D:2      | Found a runed translucent door.
   884 | D:2      | Noticed Crazy Yiuf
   893 | D:2      | Killed Crazy Yiuf
   894 | D:2      | Reached XP level 4. HP: 18/28 MP: 4/4
   993 | D:2      | Lost mutation: You have an increased reservoir of magic.
                  | (+10% MP) [potion of mutation]
   993 | D:2      | Lost mutation: You have a beak for a mouth. [potion of
                  | mutation]
   993 | D:2      | Gained mutation: Your body sometimes deteriorates upon
                  | taking damage. [potion of mutation]
   993 | D:2      | Lost mutation: Your body sometimes deteriorates upon taking
                  | damage. [potion of mutation]
  1090 | D:2      | Reached skill level 5 in Shapeshifting
  1186 | D:2      | Learned a level 3 spell: Swiftness
  1723 | D:3      | Found an ancient bone altar of Kikubaaqudgha.
  1884 | D:3      | Reached XP level 5. HP: 26/33 MP: 5/5
  1964 | D:3      | Found a hide-covered altar of Uskayaw.
  2880 | D:4      | Noticed a phantom
  2902 | D:4      | Killed a phantom
  2903 | D:4      | Reached skill level 6 in Shapeshifting
  2903 | D:4      | Reached XP level 6. HP: 21/38 MP: 6/6
  4271 | D:4      | Found a sacrificial altar of Ru.
  4278 | D:4      | Noticed a water moccasin
  4284 | D:4      | Killed a water moccasin
  4454 | D:4      | Reached skill level 7 in Shapeshifting
  4459 | D:4      | Reached XP level 7. HP: 40/43 MP: 7/7
  4822 | D:5      | Entered Level 5 of the Dungeon
  4833 | D:5      | Found a staircase to the Ecumenical Temple.
  4847 | Temple   | Entered the Ecumenical Temple
  5247 | D:5      | Found a shadowy altar of Dithmenos.
  5322 | D:5      | Reached skill level 8 in Shapeshifting
  5416 | D:5      | Reached XP level 8. HP: 6/48 MP: 8/8
  5588 | D:5      | Found a runed translucent door.
  5592 | D:5      | Noticed Demosthentine's ghost (novice DsGl)
  5777 | D:5      | Reached skill level 9 in Shapeshifting
  5892 | D:5      | Found Kaegalan's Assorted Antiques.
  6286 | D:5      | HP: 2/48 [orc wizard/+2 dagger of venom (3)]
  6287 | D:5      | Succumbed to an orc wizard's poison

Illustrated notes

Levels and vault maps discovered:
D:1:      dpeg_arrival_short_road, layout_basic, minmay_misc_feat_columns,
          minmay_liquid_box, chequers_jeans, grunt_decor_mini_mirrors
D:2:      layout_loops_cross, minmay_misc_feat_plants, kennysheep_path_1,
          uniq_crazy_yiuf_cottage
D:3:      layout_basic, mainiacjoe_overflow_concentric_impassable,
          overflow_temple_1_default, kennysheep_flooded_box,
          kennysheep_nondescript
D:4:      layout_cave_pods, mainiacjoe_overflow_boulevard,
          minmay_strange_pillars, roderic_roman_lattice
D:5:      layout_loops_ring, nicolae_dithmenos_the_darkroom,
          minmay_temple_entry_slanted, gammafunk_ghost_grave, serial_shops,
          nicolae_shop_tiny_glass, minmay_manual_mares
D:6:      layout_basic, lemuel_tele_altar, serial_demonic, serial_demonic_b,
          serial_demonic_e, serial_demonic_b, serial_demonic_e, serial_shops,
          shop, nicolae_figureground_pulse, uniq_menkaure, uniq_grinder,
          uniq_duvessa, uniq_edmund
Temple:   nicolae_temple_ecumenical_triangle

Skill      XL: |  1  2  3  4  5  6  7  8 |
---------------+-------------------------+-----
Shapeshifting  | 4 5 6 7 8 9 |  9.1
Fighting       | |  1.0
Dodging        | |  2.0
Unarmed Combat | |  3.0

Action                     |  1- 3 |  4- 6 |  7- 9 || total
---------------------------+-------+-------+-------++-------
  Melee: Unarmed           |    33 |       |     2 ||    35
         Constrict         |    18 |    35 |    19 ||    72
         Tentacles         |    12 |    24 |    27 ||    63
         Punch             |     1 |     5 |     5 ||    11
         Dagger            |    22 |   130 |   108 ||   260
         Peck              |     3 |     1 |       ||     4
    Use: Potion            |     5 |     1 |     1 ||     7
         Scroll            |     4 |       |       ||     4
   Stab: Sleeping          |     4 |    10 |     4 ||    18
 Armour: Skin              |    20 |    77 |    77 ||   174
  Dodge: Dodged            |    26 |    96 |    69 ||   191
   Form: Flux              |       |       |     1 ||     1

Table legend: (Time is in decaauts)
 A = Elapsed time spent in this place.
 B = Non-inter-level travel time spent in this place.
 C = Inter-level travel time spent in this place.
 D = Time resting spent in this place.
 E = Time spent auto-exploring this place.
 F = Levels seen in this place.
 G = Mean time per level.
                   A        B        C        D        E       F      G
               +--------+--------+--------+--------+--------+-----+--------+
         Total |   6291 |   6127 |    164 |   1651 |   3582 |   7 |  898.7 |
       Dungeon |   6289 |   6125 |    164 |   1651 |   3582 |   6 | 1048.2 |
        Temple |      1 |      1 |      0 |      0 |      0 |   1 |    1.0 |
               +--------+--------+--------+--------+--------+-----+--------+

Top non-repeatable levels by time:
     D:3: 1936 daAuts
     D:5: 1336 daAuts
     D:4: 1283 daAuts
     D:2: 962 daAuts
     D:1: 757 daAuts
     D:6: 13 daAuts
  Temple: 1 daAuts
